 Dungeon Crawl Stone Soup version 0.30-a0-359-gd0147acb1a (webtiles) character file.

Game seed: 13579244197151956722

75 ragingrage the Slasher (level 4, 0/36 HPs)
             Began as a Draconian Gladiator on Nov 12, 2022.
             Succumbed to an orc's poison
             ... on level 3 of the Dungeon.
             The game lasted 00:01:27 (1938 turns).

ragingrage the Slasher (Draconian Gladiator)        Turns: 1938, Time: 00:01:28

Health: 0/36       AC:  5    Str: 16    XL:     4   Next: 11%
Magic:  4/4        EV: 12    Int:  9    God:
Gold:   83         SH:  0    Dex: 14    Spells: 3/3 levels left

rFire   . . .      SeeInvis .    a - +0 long sword
rCold   . . .      Faith    .    (no shield)
rNeg    . . .      Spirit   .    (body armour unavailable)
rPois   .          Reflect  .    b - +0 hat
rElec   .          Harm     .    (no cloak)
rCorr   .          Rampage  .    (no gloves)
Will    .....                    (no boots)
Stlth   +.........               (no amulet)
HPRegen 0.26/turn                (no ring)
MPRegen 0.09/turn                (no ring)

@: lethally poisoned (0 -> -9)
A: AC +5, unfitting armour, cold-blooded
a: no special abilities


You were on level 3 of the Dungeon.
You visited 1 branch of the dungeon, and saw 3 of its levels.

You collected 125 gold pieces.
You spent 42 gold pieces at shops.

Inventory:

Hand Weapons
 a - a +0 long sword (weapon)
Missiles
 c - 3 throwing nets (quivered)
 d - a javelin
 j - 5 poisoned darts
 u - 4 curare-tipped darts
Armour
 b - a +0 hat (worn)
Jewellery
 k - a ring of flight
Scrolls
 e - 2 scrolls of identify {unknown}
 f - 3 scrolls of amnesia {unknown}
 g - a scroll of brand weapon {unknown}
 h - a scroll of enchant armour {unknown}
 i - a scroll of enchant weapon {unknown}
 m - a scroll of noise {unknown}
 o - a scroll of butterflies {unknown}
 r - a scroll of blinking {unknown}
Potions
 l - 2 potions of heal wounds {unknown}
 n - a potion of ambrosia {unknown}
 p - 2 potions of curing
 q - 2 potions of lignification {unknown}
 s - a potion of might {unknown}
 t - a potion of resistance {unknown}


   Skills:
 - Level 2.1 Fighting
 + Level 5.0 Long Blades
 - Level 1.7 Throwing
 - Level 2.6 Dodging


You had 3 spell levels left.
You didn't know any spells.
Your spell library contained the following spells:

 Spells                   Type           Power      Damage    Failure   Level
 Kiss of Death            Conj/Necr      0%         2d5       38%         1
 Blink                    Tloc           0%         N/A       52%         2
 Confusing Touch          Hex            0%         N/A       77%         3
 Dispel Undead            Necr           0%         3d6       99%         4
 Manifold Assault         Tloc           0%         N/A       99%         4
 Storm Form               Tmut/Air       0%         N/A       100%        7


Dungeon Overview and Level Annotations

Branches:
Dungeon (3/15)

Altars:

Shops:
D:3 *


Innate Abilities, Weirdness & Mutations

Your plain brown scales are hard. (AC +5)
You cannot fit into any form of body armour.
You are cold-blooded and may be slowed by cold attacks.


Message History

You hit the orc but do no damage. The orc misses you.
The orc barely misses you.
You closely miss the orc. The orc closely misses you.
The orc hits you with a +0 flail.
You hit the orc.
The orc is almost dead.
The orc barely misses you. The orc hits you with a +0 flail.
You barely miss the orc.
The orc is almost dead.
The orc barely misses you. The orc closely misses you.
You hit the orc.
You kill the orc!
The orc hits you from afar with a +0 trident!
The orc barely misses you.
You see here a +0 flail.
You barely miss the orc. You tail-slap the orc.
The orc is heavily wounded.
The orc hits you with a +0 trident!
* * * LOW HITPOINT WARNING * * *
The orc hits you but does no damage.
You barely miss the orc.
Your tail-slap misses the orc.
The orc is heavily wounded.
The orc barely misses you.
You hit the orc but do no damage.
You tail-slap the orc, but do no damage.
The orc is heavily wounded.
The orc hits you with a +0 trident.
* * * LOW HITPOINT WARNING * * *
You hit the orc but do no damage.
The orc is heavily wounded.
The orc closely misses you.
You slash the orc!
You kill the orc!
You barely miss the orc.
The orc hits you with a +0 dagger of venom.
* * * LOW HITPOINT WARNING * * *
You are lethally poisoned!
You hit the orc.
The orc is severely wounded.
You die...

. ... #....
##########################oo....
...............)@o.......o......
##########################......
# ....# ...# ..# .# ####
######### # ...####.......#
...#..........#


You could see an orc.

Vanquished Creatures
  An adder (D:2)
  2 worms (D:2)
  3 orcs (D:3)
  8 ball pythons
  3 bats
  5 endoplasms
  4 giant cockroaches
  5 goblins
  8 hobgoblins
  3 kobolds
  A quokka (D:3)
  7 frilled lizards
  2 rats
52 creatures vanquished.

Notes
Turn   | Place    | Note
-------+----------+-------------------------------------------
     0 | D:1      | ragingrage the Draconian Gladiator began the quest for the
                  | Orb.
     0 | D:1      | Reached XP level 1. HP: 17/17 MP: 1/1
   135 | D:1      | Reached XP level 2. HP: 24/24 MP: 2/2
   671 | D:1      | Found a faded altar of an unknown god.
   774 | D:2      | Reached skill level 4 in Long Blades
   787 | D:2      | Reached XP level 3. HP: 17/29 MP: 3/3
  1831 | D:3      | Reached XP level 4. HP: 36/36 MP: 4/4
  1851 | D:3      | Found Toalir's General Store.
  1862 | D:3      | Bought a potion of curing for 42 gold pieces
  1925 | D:3      | Reached skill level 5 in Long Blades
  1938 | D:3      | Succumbed to an orc's poison

Illustrated notes

Levels and vault maps discovered:
D:1:      wander_arrival_lonely_grave, layout_loops_ring,
          chequers_ecumenical_altar_grove
D:2:      layout_rooms, minmay_misc_feat_enclosed, minmay_indecisive_spiral
D:3:      layout_basic, nicolae_uskayaw_dance_hall, serial_shops, shop_fountains

Skill      XL: |  1  2  3  4 |
---------------+-------------+-----
Long Blades    | 4 5 |  5.0
Fighting       | |  2.1
Throwing       | |  1.7
Dodging        | |  2.6

Action                   |  1- 3 |  4- 6 || total
-------------------------+-------+-------++-------
Melee: Long sword        |   128 |    18 ||   146
       Tailslap          |    14 |     2 ||    16
 Stab: Sleeping          |     5 |       ||     5
Armor: Skin              |    36 |     5 ||    41
Dodge: Dodged            |    68 |    10 ||    78

Table legend: (Time is in decaauts)
 A = Elapsed time spent in this place.
 B = Non-inter-level travel time spent in this place.
 C = Inter-level travel time spent in this place.
 D = Time resting spent in this place.
 E = Time spent auto-exploring this place.
 F = Levels seen in this place.
 G = Mean time per level.
                   A        B        C        D        E       F      G
               +--------+--------+--------+--------+--------+-----+--------+
         Total |   1966 |   1819 |    147 |    266 |   1167 |   3 |  655.3 |
       Dungeon |   1966 |   1819 |    147 |    266 |   1167 |   3 |  655.3 |
               +--------+--------+--------+--------+--------+-----+--------+

Top non-repeatable levels by time:
     D:2: 933 daAuts
     D:1: 776 daAuts
     D:3: 256 daAuts
